 Dungeon Crawl Stone Soup version 0.31-a0-774-g0d66cbabe8 (webtiles) character file.

Game seed: 11883669957585011386

1667 Conn the Sneak (level 9, -5/51 HPs)
             Began as an Octopode Fire Elementalist on Sept 17, 2023.
             Slain by a hornet zombie (9 damage)
             ... in an ossuary.
             The game lasted 00:15:56 (5835 turns).

Conn the Sneak (Octopode Fire Elementalist)         Turns: 5835, Time: 00:15:57

Health: -5/51      AC:  5    Str: 13    XL:     9   Next: 1%
Magic:  0/16       EV: 15    Int: 22    God:
Gold:   212        SH: 13    Dex: 18    Spells: 6/17 levels left

rFire   . . .        f - +3 mace "Xauneadu" {heavy, Drain Will+ Str+6}
rCold   . . .        a - +3 buckler
rNeg    + . .        (helmet restricted)
rPois   .            l - amulet of reflection
rElec   .            h - +6 ring of dexterity
rCorr   .            n - ring of positive energy
SInv    .            q - +4 ring of protection
Will    +....        (no ring)
Stlth   +++++        (no ring)
HPRegen 0.28/turn    (no ring)
MPRegen 0.15/turn    (no ring)
                     (no ring)

%: reflection
@: very slightly contaminated
A: almost no armour, amphibious, 8 rings, camouflage 1, gelatinous body 1,
(nimble swimmer 1), tentacles
a: no special abilities


You were in an ossuary.
You visited 1 branch of the dungeon, and saw 6 of its levels.
You also visited: Ossuary.

You collected 212 gold pieces.

Inventory:

Hand Weapons
 f - the +3 mace "Xauneadu" (weapon) {heavy, Drain Will+ Str+6}
   (You found it on level 2 of the Dungeon)

   Str+6:     It affects your strength (+6).
   Will+:     It increases your willpower.
   Drain:     It drains your maximum health when unequipped.
Armour
 a - a +3 buckler (worn)
Magical Staves
 d - a staff of poison
Jewellery
 h - a +6 ring of dexterity (left tentacle)
 l - an amulet of reflection (around mantle)
 n - a ring of positive energy (right tentacle)
 q - a +4 ring of protection (on tentacle)
 r - an amulet of the acrobat
Wands
 o - a wand of paralysis (18)
Scrolls
 b - a scroll of fear
 g - a scroll of teleportation
 m - a scroll of blinking
 p - a scroll of amnesia
 s - 2 scrolls of noise
Potions
 c - a potion of degeneration {unknown}
 e - 4 potions of attraction
 j - a potion of mutation {unknown}
 t - a potion of haste {unknown}


   Skills:
 + Level 5.0 Dodging
 + Level 7.0 Stealth
 * Level 2.7 Shields
 * Level 4.9 Spellcasting
 * Level 5.0 Conjurations
 + Level 5.4 Fire Magic


You had 6 spell levels left.
You knew the following spells:

 Your Spells              Type           Power      Damage    Failure   Level
a - Foxfire               Conj/Fire      100%       2x1d9     1%          1
b - Scorch                Fire           58%        2d7       2%          2
c - Inner Flame           Hex/Fire       17%        N/A       14%         3
d - Summon Small Mammal   Summ           20%        N/A       14%         1
e - Flame Wave            Conj/Fire      28%        2d9       16%         4

Your spell library contained the following spells:

 Spells                   Type           Power      Damage    Failure   Level
 Volatile Blastmotes      Fire/Tloc      34%        2d12      14%         3
 Call Canine Familiar     Summ           5%         N/A       38%         3
 Summon Guardian Golem    Hex/Summ       5%         N/A       38%         3
 Anguish                  Hex/Necr       2%         N/A       80%         4
 Cause Fear               Hex            2%         N/A       80%         4
 Enfeeble                 Hex            2%         N/A       100%        7


Dungeon Overview and Level Annotations

Branches:
Dungeon (6/15)            Ossuary (1/1)
 Temple: D:4-7

Altars:
Cheibriados
Gozag
Nemelex Xobeh
Ru
Sif Muna
Uskayaw
Xom
The Shining One


Innate Abilities, Weirdness & Mutations

You cannot wear most types of armour.
You are amphibious.
You can wear up to eight rings at the same time.
Your skin changes colour to match your surroundings (Stealth+).
Your rubbery body absorbs attacks. (AC +1, EV +1)
((You are camouflaged when in or above water. (Stealth+)))
You have tentacles for arms and can constrict up to eight enemies at once.


Message History

Casting: Flame Wave (quite dangerous; 19% risk of failure)
Confirm with . or Enter, or press ? or * to list all spells.
Casting: Flame Wave (quite dangerous; 19% risk of failure)
Press: ? - help, Dir - look around, f - activate A wave of flame ripples out!
The flame wave engulfs the bog mummy!
The bog mummy is burned terribly!
You destroy the bog mummy!
The flame wave engulfs the killer bee zombie!
The killer bee zombie is heavily damaged. (Press . to intensify the flame waves.)
The killer bee zombie hits you but does no damage.
You block the killer bee zombie's attack.
Your Dodging skill increases to level 5!
Your Stealth skill increases to level 7!
You have reached level 9!
Your experience leads to an increase in your attributes!
Your base attributes are Str 7, Int 20, Dex 12.
Increase (S)trength, (I)ntelligence, or (D)exterity?
You feel clever. x2
Unknown command.
Unknown command.
Unknown command.
A wave of flame ripples out!
The flame wave engulfs the hornet zombie!
The hornet zombie is moderately damaged.
The flame wave engulfs the killer bee zombie!
You destroy the killer bee zombie!
The flame wave engulfs the bullfrog zombie!
The bullfrog zombie is severely damaged.
You block the hornet zombie's attack. The bullfrog zombie closely misses you.
Your Conjurations skill increases to level 5!
A wave of flame ripples out!
The flame wave engulfs the hornet zombie!
The hornet zombie is heavily damaged.
The flame wave engulfs the bullfrog zombie!
You destroy the bullfrog zombie!
You finish channelling waves of flame.
The hornet zombie hits you.
* * * LOW HITPOINT WARNING * * *
The hornet zombie hits you!
You die...

≈# ≈≈ ####
###~## #≈#P~P
.#.#.#.
##~~#~#~≈M~.~.
#...§~~~~~~..~
#~##~##'##'##'#
#...# #.Z.#
#..@# #####


You could see a hornet zombie.

Vanquished Creatures
  Edmund (D:4)
  2 water moccasins (D:5)
  An ice beast (D:6)
  A black bear (D:5)
  A kobold brigand (D:6)
  A bullfrog (D:6)
  A gnoll sergeant (D:5)
  2 wyvern zombies (Ossuary)
  A scorpion (D:6)
  A howler monkey (D:4)
  A centaur zombie (Ossuary)
  A bullfrog zombie (Ossuary)
  10 mummies (Ossuary)
  An orc priest (D:5)
  2 hounds (D:5)
  5 iguanas
  Jessica (D:3)
  2 orc wizards (D:5)
  A killer bee zombie (Ossuary)
  5 gnolls (D:5)
  2 river rats (D:4)
  A white imp (D:5)
  2 ufetubi (D:5)
  A worm (D:4)
  2 dart slugs (D:1)
  17 orcs
  9 ball pythons
  6 endoplasms
  3 giant cockroaches (D:4)
  3 goblins
  5 hobgoblins
  2 quokkas
  6 bats
  6 frilled lizards
  8 kobolds
  5 rats
119 creatures vanquished.

Vanquished Creatures (collateral kills)
  A kobold (D:6)
1 creature vanquished.

Vanquished Creatures (others)
  350 foxfires
350 creatures vanquished.

Grand Total: 470 creatures vanquished

Notes
Turn   | Place    | Note
-------+----------+-------------------------------------------
     0 | D:1      | Conn the Octopode Fire Elementalist began the quest for the
                  | Orb.
     0 | D:1      | Reached XP level 1. HP: 11/11 MP: 3/3
   407 | D:1      | Reached skill level 3 in Stealth
   407 | D:1      | Reached XP level 2. HP: 9/17 MP: 0/5
  1405 | D:1      | Reached XP level 3. HP: 21/21 MP: 4/6
  1610 | D:2      | Identified the +3 mace "Xauneadu" {heavy, Drain Will+
                  | Str+6}
  2525 | D:3      | Noticed Jessica
  2529 | D:3      | Killed Jessica
  2530 | D:3      | Reached XP level 4. HP: 27/27 MP: 3/7
  2534 | D:3      | Learned a level 2 spell: Scorch
  2538 | D:3      | Learned a level 3 spell: Inner Flame
  2612 | D:3      | Found a snail-covered altar of Cheibriados.
  2615 | D:3      | Found a sacrificial altar of Ru.
  2987 | D:3      | Learned a level 1 spell: Summon Small Mammal
  3349 | D:4      | Found a sparkling altar of Nemelex Xobeh.
  3350 | D:4      | Found an opulent altar of Gozag.
  3421 | D:4      | Noticed Edmund
  3440 | D:4      | Killed Edmund
  3441 | D:4      | Reached skill level 4 in Stealth
  3441 | D:4      | Reached XP level 5. HP: 15/31 MP: 0/9
  3441 | D:4      | Reached XP level 6. HP: 17/36 MP: 0/10
  3705 | D:4      | Found a glowing golden altar of the Shining One.
  4070 | D:5      | Entered Level 5 of the Dungeon
  4205 | D:5      | Found a hide-covered altar of Uskayaw.
  4212 | D:5      | Noticed a water moccasin
  4228 | D:5      | Killed a water moccasin
  4229 | D:5      | Reached skill level 5 in Stealth
  4229 | D:5      | Reached XP level 7. HP: 13/41 MP: 0/12
  4370 | D:4      | Learned a level 4 spell: Flame Wave
  4670 | D:5      | Reached skill level 6 in Stealth
  4877 | D:5      | Reached XP level 8. HP: 27/46 MP: 11/14
  5149 | D:5      | Reached skill level 5 in Fire Magic
  5445 | D:6      | Found a large runed translucent door.
  5445 | D:6      | Found a large runed translucent door.
  5452 | D:6      | Found a shimmering altar of Xom.
  5474 | D:6      | Reached skill level 1 in Shields
  5730 | D:6      | Found a shimmering blue altar of Sif Muna.
  5764 | D:6      | Found a sand-covered staircase.
  5791 | Ossuary  | Entered an ossuary
  5834 | Ossuary  | Reached skill level 5 in Dodging
  5834 | Ossuary  | Reached skill level 7 in Stealth
  5834 | Ossuary  | Reached XP level 9. HP: 8/51 MP: 2/16
  5835 | Ossuary  | Reached skill level 5 in Conjurations
  5835 | Ossuary  | Slain by a hornet zombie

Illustrated notes

Levels and vault maps discovered:
D:1:      nicolae_arrival_somewhat_less_tricky_arrival, layout_basic
D:2:      layout_basic
D:3:      layout_loops_ring, nicolae_overflow_squiral, uniq_jessica
D:4:      layout_gridville, grunt_temple_overflow_opulence, tso_altar,
          portal_sewer_entry_e, uniq_edmund
D:5:      layout_cave_pools, mainiacjoe_overflow_paths
D:6:      due_chaos_kobolds, layout_rooms, lemuel_doored_altar,
          minmay_temple_entry_slanted, nicolae_ossuary_entry_false_entrances
Ossuary:  ossuary_zaba_flooded

Skill      XL: |  1  2  3  4  5  6  7  8  9 |
---------------+----------------------------+-----
Stealth        | 3 4 5 6 7 |  7.0
Conjurations   | 2 3 4 5 |  5.0
Dodging        | 3 4 5 |  5.0
Spellcasting   | 3 4 |  4.9
Fire Magic     | 4 5 |  5.4
Shields        | 2 |  2.7

Action                     |  1- 3 |  4- 6 |  7- 9 || total
---------------------------+-------+-------+-------++-------
  Melee: Unarmed           |     7 |       |       ||     7
         Tentacles         |     2 |     2 |    10 ||    14
         Constrict         |     2 |     6 |     8 ||    16
         Punch             |     1 |       |       ||     1
         Mace              |     9 |    19 |    35 ||    63
   Cast: Foxfire           |    61 |    59 |    82 ||   202
         Scorch            |       |     8 |    12 ||    20
         Summon Small Mamm |       |     2 |     1 ||     3
         Inner Flame       |       |       |     2 ||     2
         Flame Wave        |       |       |     2 ||     2
  Evoke: Wand              |       |       |     3 ||     3
    Use: Scroll            |     3 |     2 |     7 ||    12
         Potion            |       |     5 |     5 ||    10
   Stab: Sleeping          |     5 |       |     2 ||     7
         Invisible         |       |     1 |       ||     1
 Armour: Skin              |    11 |    13 |    36 ||    60
  Dodge: Dodged            |    13 |    21 |    36 ||    70
  Block: Other             |       |     5 |     7 ||    12
         Buckler           |       |       |    23 ||    23
         Reflection        |       |       |     1 ||     1

Table legend: (Time is in decaauts)
 A = Elapsed time spent in this place.
 B = Non-inter-level travel time spent in this place.
 C = Inter-level travel time spent in this place.
 D = Time resting spent in this place.
 E = Time spent auto-exploring this place.
 F = Levels seen in this place.
 G = Mean time per level.
                   A        B        C        D        E       F      G
               +--------+--------+--------+--------+--------+-----+--------+
         Total |   5903 |   5753 |    150 |    356 |   4101 |   7 |  843.3 |
       Dungeon |   5831 |   5681 |    150 |    356 |   4101 |   6 |  971.8 |
       Ossuary |     71 |     71 |      0 |      0 |      0 |   1 |   71.0 |
               +--------+--------+--------+--------+--------+-----+--------+

Top non-repeatable levels by time:
     D:1: 1532 daAuts
     D:5: 1195 daAuts
     D:4: 1071 daAuts
     D:2: 835 daAuts
     D:3: 788 daAuts
     D:6: 407 daAuts
 Ossuary: 71 daAuts
